 Dungeon Crawl Stone Soup version 0.29-b1-5-gddc7ae1da1 (webtiles) character file.

Game seed: 3173445983212881187

44 funkygono the Firebug (level 3, -1/19 HPs)
             Began as a Gargoyle Fire Elementalist on Aug 22, 2022.
             Slain by Robin
             ... wielding a +0 spear
              (2 damage)
             ... on level 2 of the Dungeon.
             The game lasted 00:01:39 (852 turns).

funkygono the Firebug (Gargoyle Fire Elementalist)   Turns: 852, Time: 00:01:40

Health: -1/19      AC:  9    Str: 11    XL:     3   Next: 60%
Magic:  0/6        EV: 10    Int: 17    God:
Gold:   13         SH:  0    Dex: 10    Spells: 3/6 levels left

rFire   . . .      SeeInvis .   (no weapon)
rCold   . . .      Faith    .   (no shield)
rNeg    + . .      Spirit   .   c - +0 ring mail
rPois   ∞          Reflect  .   e - +0 helmet
rElec   +          Harm     .   (no cloak)
rCorr   .          Rampage  .   (no gloves)
Will    .....                   (no boots)
Stlth   +.........              (no amulet)
HPRegen 0.06/turn               (no ring)
MPRegen 0.10/turn               (no ring)

@: no status effects
A: sickness immunity, AC +3, negative energy resistance 1, electricity
resistance, torment resistance 1, petrification resistance
a: no special abilities


You were on level 2 of the Dungeon.
You visited 1 branch of the dungeon, and saw 2 of its levels.

You collected 13 gold pieces.

Inventory:

Armour
 a - a +0 robe
 c - a +0 ring mail (worn)
 e - a +0 helmet (worn)
 g - a +0 leather armour
Scrolls
 d - 2 scrolls of identify {unknown}
Potions
 b - a potion of magic
 f - a potion of resistance {unknown}


   Skills:
 + Level 0.3 Armour
 + Level 1.7 Dodging
 + Level 2.5 Stealth
 + Level 2.3 Spellcasting
 + Level 1.4 Conjurations
 + Level 3.8 Fire Magic


You had 3 spell levels left.
You knew the following spells:

 Your Spells              Type           Power      Damage    Failure   Level
a - Foxfire               Conj/Fire      44%        2x1d6     16%         1
b - Scorch                Fire           30%        2d6       14%         2

Your spell library contained the following spells:

 Spells                   Type           Power      Damage    Failure   Level
 Conjure Flame            Conj/Fire      11%        6-21      43%         3
 Inner Flame              Hex/Fire       8%         N/A       52%         3
 Flame Wave               Conj/Fire      11%        2d6       83%         4


Dungeon Overview and Level Annotations

Branches:
Dungeon (1/15)

Altars:

Annotations:
D:2 Robin


Innate Abilities, Weirdness & Mutations

You are immune to sickness and miasma.
Your stone body is resilient. (AC +3)
You are immune to poison.
You resist negative energy. (rN+)
You are resistant to electric shocks. (rElec)
You are resistant to unholy torment.
You are immune to petrification.


Message History

Casting: Foxfire (safe; 16% risk of failure)
Confirm with . or Enter, or press ? or * to list all spells.
You conjure some foxfire!
Robin hits you but does no damage.
Unknown command.
You closely miss Robin.
Robin is heavily wounded.
The foxfire hits Robin.
Robin is heavily wounded.
The foxfire hits Robin but does no damage.
Robin is heavily wounded.
Robin hits you but does no damage.
You hit Robin.
Robin is severely wounded.
Robin's horned helmet rattles.
Robin closely misses you.
You hit Robin but do no damage.
Robin is severely wounded.
Robin completely misses you.
You hit Robin but do no damage.
Robin is severely wounded.
Robin hits you with a +0 spear.
* * * LOW HITPOINT WARNING * * *
You closely miss Robin.
Robin is severely wounded.
Robin hits you with a +0 spear.
* * * LOW HITPOINT WARNING * * *
Casting: Foxfire (safe; 16% risk of failure)
Confirm with . or Enter, or press ? or * to list all spells.
You conjure some foxfire!
Robin closely misses you.
You hit Robin.
Robin is severely wounded.
The foxfire hits Robin.
Robin is severely wounded.
The foxfire hits Robin.
Robin is severely wounded.
Robin hits you but does no damage.
You hit Robin but do no damage.
Robin is severely wounded.
Robin hits you with a +0 spear.
You die...

#.#####.#.##.####.####.#
####.#.##.####.####.# #
#......##......#....#
#.##.##.###########.#)†##
#.......###########g#g..#
#.......##....)..##.#.#g####
#####.####.......##.#......#
### #.#
#.......##)#.#.##$#.).. #.#
#.)...@g)).#..).§...).. #.#
#.......####..###.#.g..
#......# #.......# #..
#.##### #.####.# #.......#
#.. ..# #.# ######### ##.
### ..# #. #.# #. #.. .. ...


You could see Robin.

Vanquished Creatures
  2 dart slugs (D:1)
  4 ball pythons (D:1)
  2 endoplasms (D:1)
  A giant cockroach (D:1)
  10 goblins (D:2)
  3 hobgoblins
  3 quokkas (D:1)
  4 bats
  A frilled lizard (D:1)
  3 rats (D:1)
33 creatures vanquished.

Vanquished Creatures (others)
  83 foxfires
83 creatures vanquished.

Grand Total: 116 creatures vanquished

Notes
Turn   | Place    | Note
-------+----------+-------------------------------------------
     0 | D:1      | funkygono the Gargoyle Fire Elementalist began the quest
                  | for the Orb.
     0 | D:1      | Reached XP level 1. HP: 10/10 MP: 3/3
   117 | D:1      | Reached XP level 2. HP: 15/15 MP: 1/5
   120 | D:1      | Learned a level 2 spell: Scorch
   540 | D:1      | Reached XP level 3. HP: 19/19 MP: 1/6
   631 | D:1      | You fall into a shaft and drop 1 floor!
   720 | D:2      | Noticed Robin
   852 | D:2      | Slain by Robin

Illustrated notes

Levels and vault maps discovered:
D:1:      erik_arrival_triangle_medium, layout_rooms, st_stairs_4
D:2:      layout_loops_cross, hellmonk_ecumenical_altar_zigzags, uniq_robin

Action                   || total
-------------------------++-------
Melee: Unarmed           ||    15
 Cast: Foxfire           ||    51
       Scorch            ||     1
Armor: Ring mail         ||    14
Dodge: Dodged            ||    15
